 Dungeon Crawl Stone Soup version 0.30-a0-793-g160f7cfddd (webtiles) character file.

Game seed: 12709257093343149480

39 cheesebisquit the Chiller (level 3, -1/26 HPs)
             Began as a Merfolk Ice Elementalist on Feb 19, 2023.
             Slain by Terence
             ... wielding a +0 flail
              (9 damage)
             ... on level 1 of the Dungeon.
             The game lasted 00:03:11 (999 turns).

cheesebisquit the Chiller (Merfolk Ice Elementalist) Turns: 999, Time: 00:03:11

Health: -1/26      AC:  3    Str:  8    XL:     3   Next: 47%
Magic:  6/6        EV: 13    Int: 16    God:
Gold:   58         SH:  0    Dex: 14    Spells: 5/6 levels left

rFire   . . .      SeeInvis .    i - +2 dagger (drain)
rCold   . . .      Faith    .    (no shield)
rNeg    . . .      Spirit   .    a - +0 robe
rPois   .          Reflect  .    (no helmet)
rElec   .          Harm     .    d - +0 cloak
rCorr   .          Rampage  .    (no gloves)
Will    .....                    (no boots)
Stlth   ++                       (no amulet)
HPRegen 0.24/turn                (no ring)
MPRegen 0.10/turn                (no ring)

@: no status effects
A: (nimble swimmer 2), mertail
a: no special abilities


You were on level 1 of the Dungeon.
You visited 1 branch of the dungeon, and saw 2 of its levels.

You collected 58 gold pieces.

Inventory:

Hand Weapons
 i - a +2 dagger of draining (weapon)
Missiles
 f - 7 poisoned darts
Armour
 a - a +0 robe (worn)
 d - a +0 cloak (worn)
Scrolls
 e - 2 scrolls of teleportation {unknown}
 g - a scroll of enchant weapon {unknown}
 h - a scroll of acquirement {unknown}
Potions
 c - a potion of heal wounds {unknown}


   Skills:
 + Level 1.5 Fighting
 + Level 3.3 Dodging
 - Level 2.1 Stealth
 + Level 2.4 Spellcasting
 + Level 4.7 Ice Magic


You had 5 spell levels left.
You knew the following spells:

 Your Spells              Type           Power      Damage    Failure   Level
a - Freeze                Ice            68%        1d8       2%          1

Your spell library contained the following spells:

 Spells                   Type           Power      Damage    Failure   Level
 Frozen Ramparts          Ice            34%        1d6       9%          3
 Ozocubu's Armour         Ice            17%        N/A       9%          3
 Summon Ice Beast         Ice/Summ       9%         N/A       58%         4


Dungeon Overview and Level Annotations

Branches:
Dungeon (2/15)

Altars:

Shops:
D:1 *

Annotations:
D:1 Terence


Innate Abilities, Weirdness & Mutations

((You are very nimble when in or above water. (Stealth+, EV+, Speed+++)))
Your lower body shifts to a powerful aquatic tail in water.


Message History

The adder is severely wounded.
The adder seems to slow down.
You freeze the adder!
You kill the adder!
The endoplasm misses you.
You climb upwards.
There is a stone staircase leading down here.
You freeze the endoplasm!
You kill the endoplasm!
You start resting.
Magic restored.
You climb downwards.
Level annotation: Terence Terence misses you.
The hobgoblin hits you. The kobold hits you but does no damage.
Terence hits you with a +0 flail.
The hobgoblin hits you but does no damage.
There is a stone staircase leading up, spattered with blood here.
Terence closely misses you. The kobold hits you with a +0 club.
The hobgoblin misses you.
You climb upwards.
There is a stone staircase leading down here.
You freeze the hobgoblin.
The hobgoblin is almost dead.
The hobgoblin barely misses you.
You freeze the hobgoblin.
You kill the hobgoblin!
You freeze the kobold!
You kill the kobold!
You freeze Terence!
Terence is moderately wounded.
Terence hits you with a +0 flail!
You freeze Terence.
Terence is severely wounded.
Terence barely misses you.
You freeze Terence.
Terence is severely wounded.
Terence hits you with a +0 flail!
You are too injured to fight recklessly!
Magic courses through your body. Terence hits you with a +0 flail!
You die...

#.......########......##.#
#.......#.....##...#####.#
###.......#.#.#.##...#.....#
#..........†....##.#.#.#####
#....÷#####.P...####.#.#
#.....# #P.PPP##...#'###
#.÷...# #####P##.##....###
#.....# ########.......##.
#.....# #@@.............'.
###.### ####....###....##.
#.# #....# #....##. #.#
#....# #######. #.# #..###
#.
#.###########.###########.
#.##..#.............#..##.
#.##.#...............#.###
#.###.......#.#.......##


You could see Terence.

Vanquished Creatures
  An adder (D:2)
  A dart slug (D:1)
  2 ball pythons (D:1)
  A bat (D:1)
  4 endoplasms (D:1)
  2 goblins
  4 hobgoblins (D:1)
  3 jackals (D:2)
  3 kobolds
  A quokka (D:2)
  2 frilled lizards (D:1)
  A rat (D:1)
25 creatures vanquished.

Vanquished Creatures (others)
  3 plants (D:1)
3 creatures vanquished.

Grand Total: 28 creatures vanquished

Notes
Turn   | Place    | Note
-------+----------+-------------------------------------------
     0 | D:1      | cheesebisquit the Merfolk Ice Elementalist began the quest
                  | for the Orb.
     0 | D:1      | Reached XP level 1. HP: 13/13 MP: 3/3
   236 | D:1      | Reached XP level 2. HP: 20/20 MP: 3/5
   371 | D:1      | Found Kahess's General Store.
   487 | D:1      | Reached skill level 1 in Fighting
   871 | D:2      | Reached XP level 3. HP: 26/26 MP: 3/6
   915 | D:2      | Noticed Terence
   999 | D:1      | Slain by Terence

Illustrated notes

Levels and vault maps discovered:
D:1:      matt_arrival_grand_opening, layout_basic, serial_shops, shop,
          minmay_tree_intersection, minmay_shallow_snake_nest
D:2:      layout_rooms, uniq_terence, uniq_natasha

Skill      XL: |  1  2 |
---------------+-------+-----
Dodging        | 3 |  3.3
Fighting       | 1 |  1.5
Stealth        | |  2.1
Spellcasting   | |  2.4
Ice Magic      | |  4.7

Action                     || total
---------------------------++-------
  Melee: Unarmed           ||     8
   Cast: Freeze            ||    41
    Use: Potion            ||     1
 Armour: Robe              ||     6
  Dodge: Dodged            ||    25

Table legend: (Time is in decaauts)
 A = Elapsed time spent in this place.
 B = Non-inter-level travel time spent in this place.
 C = Inter-level travel time spent in this place.
 D = Time resting spent in this place.
 E = Time spent auto-exploring this place.
 F = Levels seen in this place.
 G = Mean time per level.
                   A        B        C        D        E       F      G
               +--------+--------+--------+--------+--------+-----+--------+
         Total |    999 |    958 |     41 |     49 |    748 |   2 |  499.5 |
       Dungeon |    999 |    958 |     41 |     49 |    748 |   2 |  499.5 |
               +--------+--------+--------+--------+--------+-----+--------+

Top non-repeatable levels by time:
     D:1: 858 daAuts
     D:2: 141 daAuts
